 Dungeon Crawl Stone Soup version 0.21.1-1-g345015f (webtiles) character file.

89 Gearwhore the Magician (level 4, -4/30 HPs)
             Began as a Human Wizard on May 8, 2018.
             Slain by an iguana (10 damage)
             ... on level 1 of the Dungeon.
             The game lasted 00:58:49 (3567 turns).

Gearwhore the Magician (Human Wizard)               Turns: 3567, Time: 00:58:51

Health: -4/30      AC:  4    Str:  4 (7)  XL:     4   Next: 84%
Magic:  1/10       EV: 12    Int: 19 (20) God:
Gold:   41         SH:  0    Dex: 10 (11) Spells: 3/11 levels left

rFire    . . .     SeeInvis .   m - +0 mace
rCold    . . .     Gourm    .   (no shield)
rNeg     . . .     Faith    .   a - +0 robe
rPois    .         Spirit   .   b - +0 hat
rElec    .         Reflect  .   (no cloak)
rCorr    .         Harm     .   (no gloves)
MR       .....                  (no boots)
Stlth    ++........             (no amulet)
HPRegen  0.10/turn              (no ring)
MPRegen  0.12/turn              (no ring)

@: hasted, very quick
A: iridescent scales 1
a: no special abilities


You were on level 1 of the Dungeon.
You were very hungry.

You visited 1 branch of the dungeon, and saw 3 of its levels.

You collected 41 gold pieces.

Inventory:

Hand Weapons
 e - a +0 club
 f - a cursed +0 hunting sling
 h - a +0 club
 i - a +1 hand axe of freezing
 k - a +0 hunting sling
 m - a +0 mace (weapon)
 n - a +0 club
 o - a +0 dagger
 p - a cursed -3 club
 r - a +0 club
 v - a +0 club
Missiles
 g - 134 stones (quivered)
Armour
 a - a +0 robe (worn)
 b - a +0 hat (worn)
 j - a +0 scale mail
 q - a +0 ring mail
 u - a +0 pair of boots
Jewellery
 t - an uncursed ring of protection from fire {unknown}
Scrolls
 s - a scroll of identify {unknown}
Books
 c - a book of Minor Magic

   Spells                             Type                      Level
   a - Magic Dart                     Conjuration                  1
   b - Blink                          Translocation                2
   c - Call Imp                       Summoning                    2
   d - Slow                           Hexes                        2
   e - Conjure Flame                  Conjuration/Fire             3
   f - Mephitic Cloud                 Conjuration/Poison/Air       3
Comestibles
 d - 3 rations


   Skills:
 + Level 0.1 Fighting
 + Level 0.1 Maces & Flails
 + Level 2.7 Dodging
 + Level 2.1 Stealth
 + Level 0.8 Unarmed Combat
 + Level 4.1 Spellcasting
 + Level 1.3 Conjurations
 + Level 1.1 Summonings
 + Level 1.0 Translocations


You had 3 spell levels left.
You knew the following spells:

 Your Spells              Type           Power        Failure   Level  Hunger
a - Magic Dart            Conj           #...         8%          1    None
b - Blink                 Tloc           N/A          13%         2    ##.....
c - Call Imp              Summ           #.......     13%         2    ##.....
d - Conjure Flame         Conj/Fire      #.......     30%         3    ###....


Dungeon Overview and Level Annotations

Branches:
Dungeon (3/15)

Altars:

Annotations:
D:3 Zachthehappycat's ghost, amateur TeAE


Innate Abilities, Weirdness & Mutations

You are partially covered in iridescent scales. (AC +2)


Message History

The iguana hisses menacingly.
You are feeling very hungry.
Casting: Blink
Confirm with . or Enter, or press ? or * to list all spells.
You blink.
The iguana bites you.
* * * LOW HITPOINT WARNING * * *
You hit the iguana but do no damage.
The iguana is lightly wounded.
The iguana misses you. The iguana closely misses you.
You closely miss the iguana.
The iguana is lightly wounded.
The iguana completely misses you.
It was a potion of haste.
You feel yourself speed up. The iguana barely misses you.
It was a potion of degeneration.
There was something very wrong with that liquid.
You feel weakened.
You feel dopey.
You feel clumsy. The iguana barely misses you. The iguana bites you!
You die...

#.####.....#
#.######.#.#
#.#..#..##.# #.# #.#.#
#....#..######.# #.#.#
####.#.........# #.#.#
#.#.##############.#.#
#.#................#.#
#.##################..
#.#.l..............>..
#.#..@................
#.###################.
#.###################.
#.....................
#.####################
###


You could see an iguana.

Vanquished Creatures
  A worm (D:2)
  A dart slug (D:1)
  A giant cockroach (D:2)
  4 goblins
  7 hobgoblins
  A jackal (D:1)
  2 kobolds
  6 bats
  4 frilled lizards
  A rat (D:1)
28 creatures vanquished.

Vanquished Creatures (collateral kills)
  Terence (D:2)
  Robin (D:2)
  2 adders (D:2)
  2 worms (D:2)
  A dart slug (D:2)
  2 leopard geckos
  A bat (D:1)
  9 goblins
  5 hobgoblins
  3 jackals (D:1)
  2 kobolds
  3 frilled lizards (D:2)
  2 rats
34 creatures vanquished.

Vanquished Creatures (others)
  5 toadstools (D:1)
5 creatures vanquished.

Grand Total: 67 creatures vanquished

Notes
Turn   | Place    | Note
-------+----------+-------------------------------------------
     0 | D:1      | Gearwhore the Human Wizard began the quest for the Orb.
     0 | D:1      | Reached XP level 1. HP: 13/13 MP: 4/4
   412 | D:1      | Reached XP level 2. HP: 15/19 MP: 0/6
   710 | D:1      | Learned a level 2 spell: Blink
   713 | D:1      | Learned a level 2 spell: Call Imp
  1352 | D:1      | Reached XP level 3. HP: 24/24 MP: 6/8
  1401 | D:1      | Learned a level 3 spell: Conjure Flame
  1778 | D:2      | Noticed Terence
  1967 | D:2      | Killed Terence
  2058 | D:2      | Noticed Robin
  2069 | D:2      | Reached XP level 4. HP: 26/30 MP: 3/9
  2408 | D:2      | Gained mutation: You are frail. (-10% HP) [potion of mutation]
  2408 | D:2      | Lost mutation: You are frail. (-10% HP) [potion of mutation]
  2408 | D:2      | Gained mutation: You are partially covered in iridescent scales. (AC +2) [potion of mutation]
  2479 | D:2      | Killed Robin
  2530 | D:3      | Noticed Zachthehappycat's ghost (amateur TeAE)
  3037 | D:2      | Reached skill level 4 in Spellcasting
  3567 | D:1      | Slain by an iguana

Skill      XL: |  1  2  3  4 |
---------------+-------------+-----
Spellcasting   | 4 |  4.1
Fighting       | |  0.1
Maces & Flails | |  0.1
Dodging        | |  2.7
Stealth        | |  2.1
Unarmed Combat | |  0.8
Conjurations   | |  1.3
Summonings     | |  1.1
Translocations | |  1.0

Action                   |  1- 3 |  4- 6 || total
-------------------------+-------+-------++-------
Melee: Unarmed           |    21 |       ||    21
       Mace              |       |    14 ||    14
 Cast: Magic Dart        |    53 |    20 ||    73
       Call Imp          |     9 |    26 ||    35
       Blink             |       |     8 ||     8
  Use: Scroll            |     1 |     1 ||     2
       Potion            |       |     7 ||     7
  Eat: Chunk             |     4 |     4 ||     8
Armor: Robe              |     5 |    18 ||    23
Dodge: Dodged            |    22 |    59 ||    81
